 Dungeon Crawl Stone Soup version 0.26.0-45-g9c1d065592 (webtiles) character file.

Game seed: 1178519908802614087

(classic levelgen) 357 thiole the Stinger (level 6, 0/43 HPs)
             Began as an Octopode Venom Mage on Jan 30, 2021.
             Engulfed by a cloud of noxious fumes (1 damage)
             ... on level 4 of the Dungeon.
             The game lasted 00:04:17 (3240 turns).

thiole the Stinger (Octopode Venom Mage)            Turns: 3240, Time: 00:04:18

Health: 0/43       AC:  1    Str: 10    XL:     6   Next: 64%
Magic:  8/10       EV: 13    Int: 17    God:
Gold:   175        SH:  0    Dex: 12    Spells: 3/10 levels left

rFire    . . .     SeeInvis .   b - +2 dagger (venom)
rCold    . . .     Faith    .   (no shield)
rNeg     . . .     Spirit   .   (helmet restricted)
rPois    .         Reflect  .   (no amulet)
rElec    .         Harm     .   (no ring)
rCorr    .         Rampage  .   (no ring)
Will     .....                  (no ring)
Stlth    ++........             (no ring)
HPRegen  0.14/turn              (no ring)
MPRegen  0.12/turn              (no ring)
                                (no ring)
                                (no ring)

@: confused, mighty, brilliant, attractive, flying
A: almost no armour, stealthy swim, amphibious, 8 rings, constrict 8, camouflage
1, dopey 1, strong 1, gelatinous body 1, subdued magic 1
a: no special abilities


You were on level 4 of the Dungeon.
You visited 1 branch of the dungeon, and saw 4 of its levels.

You collected 175 gold pieces.

Inventory:

Hand Weapons
 b - a +2 dagger of venom (weapon)
Jewellery
 n - an uncursed ring of willpower {unknown}
Scrolls
 a - a scroll of magic mapping {unknown}
 e - a scroll of blinking {unknown}
 g - a scroll of amnesia {unknown}
 h - a scroll of noise {unknown}
 i - a scroll of teleportation {unknown}
 j - 2 scrolls of remove curse
Potions
 c - 2 potions of brilliance
 f - a potion of flight


   Skills:
 - Level 4.0 Fighting
 - Level 2.0 Dodging
 - Level 2.6 Stealth
 + Level 2.9 Spellcasting
 - Level 2.0 Transmutations
 - Level 6.0 Poison Magic


You had 3 spell levels left.
You knew the following spells:

 Your Spells              Type           Power        Failure   Level
a - Sting                 Tmut/Pois      72%          2%          1
b - Mephitic Cloud        Conj/Pois/Air  10%          21%         3
c - Ignite Poison         Fire/Tmut/Pois 13%          16%         3

Your spell library contained the following spells:

 Spells                   Type           Power        Failure   Level
 Poisonous Vapours        Pois/Air       28%          6%          2
 Olgreb's Toxic Radiance  Pois           26%          13%         4


Dungeon Overview and Level Annotations

Branches:
Dungeon (4/15)
 Temple: D:4-7

Altars:
Ashenzari
Okawaru
Ru
Yredelemnul


Innate Abilities, Weirdness & Mutations

You cannot wear most types of armour.
You are very stealthy in the water. (Stealth+)
You are amphibious.
You can wear up to eight rings at the same time.
You can use your tentacles to constrict eight enemies at once.
Your skin changes colour to match your surroundings (Stealth+).
Your rubbery body absorbs attacks. (AC +1, EV +1)
You are dopey. (Int -2)
Your muscles are strong. (Str +2)
Your spells are a little easier to cast, but a little less powerful.


Message History

The orc wizard hits you with a +0 dagger.
* * * LOW HITPOINT WARNING * * *
Casting: Sting (safe; 2% risk of failure)
Confirm with . or Enter, or press ? or * to list all spells.
The spell is quite dangerous to cast (21% risk of failure)!
Continue anyway?
Okay, then.
Unknown command.
Casting: Mephitic Cloud (quite dangerous; 21% risk of failure)
Confirm with . or Enter, or press ? or * to list all spells.
The spell is quite dangerous to cast (21% risk of failure)!
Continue anyway?
Aiming: Mephitic Cloud (quite dangerous; 21% risk of failure)
Press: ? - help, Shift-Dir - straight line, f - you You feel a surge of power!
That beam is likely to hit you.
Continue anyway?
The ball explodes into a vile cloud!
The stinking cloud engulfs you but does no damage.
The stinking cloud engulfs the orc wizard but does no damage. x2
You are engulfed in noxious fumes.
You choke on the stench!
You are confused.
You die...

# #.# .#.# #.#$# .#=#
# #.#.# ...
.#.##.#.###.###.#.
.......o..........
.......)†.........
##.##.#.###+###..#
#o#o.....# ..#
#@#......# #.
#o#o.....# #.
#o#......###.##
#o...........<####
#######).##.......
.........##.......
########..##.......
#.#..........#.......
#(#..........#.......


You could see an orc priest, 2 orc wizards and an orc.

Vanquished Creatures
  An ogre (D:4)
  A scorpion (D:4)
  A hound (D:4)
  An orc priest (D:4)
  An iguana (D:2)
  A worker ant (D:4)
  2 adders
  6 worms
  3 dart slugs
  3 leopard geckos
  An orc (D:4)
  5 bats
  12 goblins
  4 hobgoblins
  9 jackals
  2 quokkas (D:3)
  A ball python (D:1)
  4 frilled lizards
  A jackal skeleton (D:4)
  10 kobolds
  8 rats
77 creatures vanquished.

Notes
Turn   | Place    | Note
-------+----------+-------------------------------------------
     0 | D:1      | thiole the Octopode Venom Mage began the quest for the Orb.
     0 | D:1      | Reached XP level 1. HP: 11/11 MP: 3/3
    86 | D:1      | Reached skill level 4 in Poison Magic
   118 | D:1      | Reached XP level 2. HP: 17/17 MP: 1/5
   626 | D:1      | Reached XP level 3. HP: 17/21 MP: 1/6
   726 | D:1      | Reached skill level 5 in Poison Magic
  1307 | D:2      | Reached skill level 6 in Poison Magic
  1307 | D:2      | Reached XP level 4. HP: 15/27 MP: 1/7
  1452 | D:2      | Found an iron altar of Okawaru.
  1456 | D:2      | Reached skill level 1 in Fighting
  1517 | D:2      | Found a basalt altar of Yredelemnul.
  1671 | D:2      | Found a broken altar of Ashenzari.
  2103 | D:3      | Reached XP level 5. HP: 34/34 MP: 5/8
  2290 | D:3      | Found a sacrificial altar of Ru.
  2631 | D:4      | Noticed an ogre
  3047 | D:4      | Learned a level 3 spell: Mephitic Cloud
  3051 | D:4      | Learned a level 3 spell: Ignite Poison
  3103 | D:4      | Reached XP level 6. HP: 27/42 MP: 7/9
  3237 | D:4      | Gained mutation: You are dopey. (Int -2) [potion of
                  | mutation]
  3237 | D:4      | Gained mutation: Your spells are a little easier to cast,
                  | but a little less powerful. [potion of mutation]
  3237 | D:4      | Gained mutation: Your muscles are strong. (Str +2) [potion
                  | of mutation]
  3239 | D:4      | HP: 2/43 [orc wizard/puff of flame (13)]
  3240 | D:4      | Engulfed by a cloud of noxious fumes

Illustrated notes

Levels and vault maps discovered:
D:1:      dpeg_arrival_pond, layout_loops_ring, minmay_tetromino_o2
D:2:      layout_rooms, evilmike_ruin_ashenzari, minitemple, serial_park_tiny_1
D:3:      layout_rooms, nicolae_ru_the_path_less_chosen
D:4:      layout_basic, tgw_trog, serial_shops, nicolae_shop_statue_plus,
          hangedman_decor_diamond_cutter, st_stairs_11

Skill      XL: |  1  2  3  4  5  6 |
---------------+-------------------+-----
Poison Magic   | 4 6 |  6.0
Fighting       | 2 3 4 |  4.0
Transmutations | 2 |  2.0
Dodging        | |  2.0
Stealth        | |  2.6
Spellcasting   | |  2.9

Action                   |  1- 3 |  4- 6 || total
-------------------------+-------+-------++-------
Melee: Unarmed           |     3 |       ||     3
       Tentacles         |     2 |     9 ||    11
       Dagger            |    19 |    45 ||    64
       Constrict         |     9 |    16 ||    25
 Cast: Sting             |    62 |    66 ||   128
       Mephitic Cloud    |       |     1 ||     1
  Use: Scroll            |     1 |       ||     1
       Potion            |       |     8 ||     8
 Stab: Sleeping          |       |     2 ||     2
Armor: Skin              |     4 |     1 ||     5
Dodge: Dodged            |    23 |    51 ||    74
